AoeStats
← ntu1994.tn

Arena

511026151Analyzed
2v2 RM · 4h ago on Oct 3, 2026· 43m 14s· 4 players
Game mode
Random Map
Map size
Medium (4 player)
Population
200
Speed
Normal
Resources
Standard
Victory
Conquest
Starting age
Dark Age
Ending age
Imperial Age
RankedLock teamsTeams togetherTeam positionsShared explorationLock speedFull tech treeHidden civsTurbo modeCheats
Victory
Defeat
🇦🇷 Turks · Argentina
930
+15
🇻🇳 Bulgarians · Vietnam
884
+17
905
-16
🇨🇭 Georgians · Switzerland
903
-16
Gurx
10:42 Feudal Age
14:50 Castle Age
13:52 Horse Collar
14:01 Double-Bit Axe
23:51 Imperial Age
21:53 Heavy Plow
25:58 Padded Archer Armor
26:50 Fletching
27:31 Bodkin Arrow
32:08 Leather Archer Armor
32:08 Loom
32:09 Town Watch
33:47 Conscription
35:05 Wheelbarrow
40:14 Ring Archer Armor
42:16 Bracer
42:44 Hand Cart
42:30 Town Patrol
43:08 Forging
43:04 Scale Barding Armor
ntu1994.tn
1:54 Loom
10:28 Feudal Age
11:02 Double-Bit Axe
11:00 Horse Collar
14:51 Wheelbarrow
18:21 Castle Age
19:07 Fletching
19:23 Scale Barding Armor
19:19 Padded Archer Armor
20:44 Bodkin Arrow
24:10 Thumb Ring
24:16 Elite Skirmisher
31:37 Leather Archer Armor
33:48 Gambesons
34:22 Pikeman
35:03 Squires
34:48 Gambesons
40:33 Imperial Age
40:39 Imperial Age
40:33 Bow Saw
42:24 Halberdier
helveticgreips
8:22 Loom
13:02 Feudal Age
13:55 Double-Bit Axe
14:48 Wheelbarrow
19:51 Castle Age
22:16 Forging
22:13 Scale Barding Armor
22:59 Gold Mining
24:51 Husbandry
26:22 Bow Saw
26:30 Stone Mining
29:12 Masonry
29:13 Fortified Wall
30:50 Hand Cart
36:46 Imperial Age
36:01 Iron Casting
38:10 Elite Skirmisher
Lucius Cornelius Sulla Felix
9:09 Loom
12:29 Feudal Age
10:46 Loom
17:05 Castle Age
16:56 Fletching
35:20 Imperial Age
33:53 Elite Skirmisher
34:46 Bloodlines
34:40 Horse Collar
35:10 Scale Barding Armor
36:18 Bodkin Arrow
Connection lost

Rejoining the realm…

Still unreachable

The connection could not be restored.

Session expired

The server has moved on; the page needs a fresh start.